 Dungeon Crawl Stone Soup version 0.19.0-20-gbc5f0c6 (webtiles) character file.

539 shinino the Basher (level 7, -10/108 HPs)
             Began as an Ogre Fighter on Nov 16, 2016.
             Was a Follower of Trog.
             Mangled by a tentacled starspawn (18 damage)
             ... created by the touch of Lugonu
             ... on level 3 of the Dungeon.
             The game lasted 00:08:57 (3581 turns).

shinino the Basher (Ogre Fighter)                   Turns: 3581, Time: 00:08:58

Health: -10/108    AC:  6    Str: 27    XL:     7   Next: 26%
Magic:  7/7        EV:  9    Int:  7    God:    Trog [*.....]
Gold:   201        SH:  9    Dex: 11    Spells: 0 memorised, 6 levels left

rFire  . . .     SeeInvis .     a - +0 flail
rCold  . . .     Gourm    .     b - +0 robe
rNeg   . . .     Faith    .     c - +0 shield
rPois  .         Spirit   .     (helmet restricted)
rElec  .         Reflect  .     i - +2 cloak
rCorr  .         Harm     .     (gloves unavailable)
MR     .....                    (boots unavailable)
Stlth  ..........               (no amulet)
                                (no ring)
                                (no ring)

@: berserking, very quick
A: unfitting armour, tough skin 1
a: Berserk, Burn Spellbooks, Renounce Religion


You were on level 3 of the Dungeon.
You worshipped Trog.
Trog was aware of your devotion.
You were very hungry.

You visited 1 branch of the dungeon, and saw 4 of its levels.

You collected 201 gold pieces.

Inventory:

Hand Weapons
 a - a +0 flail (weapon)
Armour
 b - a +0 robe (worn)
 c - a +0 shield (worn)
 i - a +2 cloak (worn)
Scrolls
 e - 3 scrolls of noise {unknown}
 h - 3 scrolls of remove curse {unknown}
 j - 4 scrolls of identify {unknown}
 l - 2 scrolls of enchant weapon {unknown}
 p - 2 scrolls of magic mapping {unknown}
 s - a scroll of random uselessness {unknown}
 t - a scroll of recharging {unknown}
Potions
 d - 2 potions of might
 g - a potion of magic {unknown}
 o - a potion of flight {unknown}
Comestibles
 f - 2 bread rations
 k - a slice of pizza
 m - 4 fruits
 n - a meat ration
 q - 2 royal jellies


   Skills:
 + Level 5.4 Fighting
 + Level 8.8 Maces & Flails
 + Level 3.6 Dodging
 - Level 2.6 Shields


You had 6 spell levels left.
You didn't know any spells.

Dungeon Overview and Level Annotations

Branches:
Dungeon (4/15)
 Temple: D:4-7

Altars:
Ashenzari
Elyvilon
Trog
The Shining One
Lugonu


Innate Abilities, Weirdness & Mutations

You are too large for most types of armour.
You have tough skin. (AC +1)


Message History

The orc barely misses you. The tentacled starspawn bites you!
The tentacled starspawn engulfs you!
* * * LOW HITPOINT WARNING * * *
The orc misses you.
You hit the worker ant but do no damage.
The worker ant bites you.
* * * LOW HITPOINT WARNING * * *
The orc completely misses you.
The tentacled starspawn barely misses you.
The tentacled starspawn engulfs you!!
* * * LOW HITPOINT WARNING * * *
A red film seems to cover your vision as you go berserk!
You feel yourself moving faster!
You feel mighty!
You are feeling very hungry.
You block the worker ant's attack. The orc closely misses you.
The orc hits you with a hand axe.
* * * LOW HITPOINT WARNING * * *
The tentacled starspawn barely misses you.
The tentacled starspawn engulfs you!!
You die...

..### ###...# <...###...>.#
............# ###########
#....♣....### #.........#
###.....### #.........#######
..##...## #................
......## ##### #.........#######
.......####...###X........#
...............a@o........# ###
........###.#.###o........# ##..
........# #...# #.........####..#
###.....###...###.........##_..##
#####....##....##.........####..#
.## ##)........####.#........##..
..# #)##(............###########
#.## #(###...#....#....# #.......
#..###.# #...#......#..###......#


You could see a tentacled starspawn, a worker ant and 2 orcs.

Vanquished Creatures
  The ghost of Mitch the Ducker, a novice HEGl of Cheibriados (D:3)
  An orc priest (D:3)
  Jessica (D:2)
  An orc wizard (D:3)
  A gnoll (D:1)
  9 adders
  2 oozes
  2 dart slugs
  5 leopard geckos
  14 orcs
  3 ball pythons
  4 bats
  3 giant cockroaches
  9 goblins
  8 hobgoblins
  3 jackals (D:3)
  4 kobolds
  2 quokkas (D:3)
  4 frilled lizards
  11 rats
88 creatures vanquished.

Notes
Turn   | Place    | Note
-------+----------+-------------------------------------------
     0 | D:1      | shinino the Ogre Fighter began the quest for the Orb.
     0 | D:1      | Reached XP level 1. HP: 24/24 MP: 1/1
   124 | D:1      | Reached skill level 3 in Maces & Flails
   248 | D:1      | Reached XP level 2. HP: 28/32 MP: 2/2
   436 | D:1      | Reached skill level 4 in Maces & Flails
   717 | D:1      | Reached XP level 3. HP: 39/39 MP: 3/3
   817 | D:1      | Reached skill level 5 in Maces & Flails
  1100 | D:2      | Noticed Jessica
  1356 | D:2      | Killed Jessica
  1356 | D:2      | Reached XP level 4. HP: 22/48 MP: 4/4
  1362 | D:2      | Reached skill level 6 in Maces & Flails
  1716 | D:2      | Reached XP level 5. HP: 52/54 MP: 5/5
  1962 | D:2      | Reached skill level 7 in Maces & Flails
  2509 | D:3      | Reached skill level 8 in Maces & Flails
  2509 | D:3      | Reached XP level 6. HP: 62/62 MP: 6/6
  2594 | D:3      | Noticed Mitch's ghost (novice HEGl)
  2620 | D:3      | Killed Mitch's ghost
  2620 | D:3      | Reached skill level 5 in Fighting
  2620 | D:3      | Reached XP level 7. HP: 33/72 MP: 7/7
  3247 | D:3      | Found a faded altar of an unknown god.
  3247 | D:3      | Found a faded altar of an unknown god.
  3255 | D:3      | Found a faded altar of an unknown god.
  3257 | D:3      | Became a worshipper of Elyvilon the Healer
  3257 | D:3      | Reached * piety under Elyvilon
  3257 | D:3      | Fell from the grace of Elyvilon
  3262 | D:3      | Found a faded altar of an unknown god.
  3264 | D:3      | Found a shattered altar of Ashenzari.
  3267 | D:3      | Became a worshipper of Lugonu the Unformed
  3267 | D:3      | Reached * piety under Lugonu
  3267 | D:3      | Reached ** piety under Lugonu
  3267 | D:3      | Fell from the grace of Lugonu
  3272 | D:3      | Became a worshipper of the Shining One
  3272 | D:3      | Reached * piety under the Shining One
  3536 | D:3      | Fell from the grace of the Shining One
  3536 | D:3      | Became a worshipper of Trog the Wrathful
  3536 | D:3      | Reached * piety under Trog
  3577 | D:4      | Noticed a tentacled starspawn
  3580 | D:3      | HP: 6/72 [tentacled starspawn[the touch of Lugonu] (18)]
  3581 | D:3      | Mangled by a tentacled starspawn

Skill      XL: |  1  2  3  4  5  6 |
---------------+-------------------+-----
Maces & Flails | 3 4 5 6 8 |  8.8
Fighting       | 5 |  5.4
Dodging        | 3 |  3.6
Shields        | |  2.6

Action                   |  1- 3 |  4- 6 |  7- 9 || total
-------------------------+-------+-------+-------++-------
Melee: Flail             |    98 |   147 |    65 ||   310
Invok: Renounce Religion |       |       |     2 ||     2
       Berserk           |       |       |     1 ||     1
  Use: Potion            |       |     3 |       ||     3
  Eat: Chunk             |     1 |     5 |     3 ||     9
Armor: Robe              |    28 |    57 |    24 ||   109
       Skin              |       |    14 |       ||    14
Dodge: Dodged            |    34 |    55 |    36 ||   125
Block: Shield            |    32 |    69 |    32 ||   133
